 Dungeon Crawl Stone Soup version 0.27-a0-1202-ge72e49191c (webtiles) character file.

Game seed: 6472109009986957583

8659 Ijustatesigmund the Cleaver (level 11, -3/104 HPs)
             Began as a Minotaur Berserker on June 3, 2021.
             Was a High Priest of Trog.
             Collided with a stone wall (12 damage)
             ... caused by a wretched star
             ... on level 2 of the Abyss.
             The game lasted 00:19:49 (14264 turns).

Ijustatesigmund the Cleaver (Minotaur Berserker)   Turns: 14264, Time: 00:19:51

Health: -3/104     AC: 15    Str: 21    XL:     11   Next: 12%
Magic:  10/10      EV: 10    Int:  4    God:    Trog [*****.]
Gold:   882        SH: 17    Dex: 14    Spells: 10/10 levels left

rFire    + . .     SeeInvis .   a - +3 hand axe (flame)
rCold    . . .     Faith    .   p - +0 tower shield
rNeg     . . .     Spirit   .   b - +3 chain mail
rPois    .         Reflect  .   (helmet restricted)
rElec    .         Harm     .   m - +0 cloak
rCorr    .         Rampage  .   (no gloves)
Will     ++...                  r - +0 pair of boots
Stlth    ..........             (no amulet)
HPRegen  1.27/turn              l - ring of protection from fire
MPRegen  0.12/turn              s - +4 ring of evasion

@: about to teleport, strong-willed, on berserk cooldown, regenerating
A: horns 2, retaliatory headbutt
a: Renounce Religion, Berserk, Trog's Hand, Brothers in Arms


You were on level 2 of the Abyss.
You worshipped Trog.
Trog was extremely pleased with you.
You visited 1 branch of the dungeon, and saw 11 of its levels.
You visited the Abyss 1 time.
You also visited: Ossuary.

You collected 882 gold pieces.

Inventory:

Hand Weapons
 a - a +3 hand axe of flaming (weapon)
Armour
 b - a +3 chain mail (worn)
 m - a +0 cloak (worn)
 p - a +0 tower shield (worn)
 r - a +0 pair of boots (worn)
Jewellery
 i - a ring of resist corrosion
 l - a ring of protection from fire (left hand)
 s - a +4 ring of evasion (right hand)
 H - an amulet of faith
Wands
 y - a wand of polymorph (16)
 D - a wand of paralysis (7)
Scrolls
 g - a scroll of summoning
 o - 4 scrolls of teleportation
 q - a scroll of vulnerability
 u - a scroll of silence
 A - 2 scrolls of enchant weapon
 B - 2 scrolls of enchant armour
Potions
 c - 3 potions of flight
 d - 2 potions of mutation
 e - 2 potions of cancellation
 f - a potion of magic
 j - 3 potions of heal wounds
 k - 2 potions of invisibility {unknown}
 n - 5 potions of curing {unknown}
 t - a potion of might {unknown}
 v - 3 potions of resistance {unknown}
 x - a potion of attraction {unknown}
 z - 2 potions of lignification {unknown}
 C - 2 potions of haste
 F - a potion of ambrosia {unknown}
Miscellaneous
 E - a phantom mirror


   Skills:
 + Level 11.7 Fighting
 + Level 12.6 Axes
 + Level 5.9 Armour
 + Level 5.4 Dodging
 - Level 8.7 Shields
 + Level 2.2 Evocations


You had 10 spell levels left.
You didn't know any spells.
Your spell library was empty.

Dungeon Overview and Level Annotations

Branches:
Dungeon (11/15)            Temple (0/1) D:4            Lair (0/6) D:9
    Orc (0/2) D:9         Ossuary (visited)

Altars:
Ashenzari
Dithmenos
Fedhas
Hepliaklqana
Makhleb
Okawaru
Ru
Trog
Uskayaw

Shops:
D:2 *   D:4 [   D:5 :

Annotations:
D:10 2 transporters, fly's ghost, journeyman OpIE


Innate Abilities, Weirdness & Mutations

You have a pair of horns on your head.
You reflexively headbutt those who attack you in melee.


Message History

You hit the ironbound preserver. You burn the ironbound preserver.
You block the worldbinder's attack. x2; The worldbinder misses you.
You furiously retaliate!
You headbutt the worldbinder.
The worldbinder hits you but does no damage.
You block the ironbound preserver's attack.
The vault sentinel blows a loud note on a signal horn!
You hear a shout!
You hear a roar!
You hear a croak.
Your skin crawls.
You feel strong-willed. You block the worldbinder's attack.
The worldbinder misses you.
The ironbound preserver hits you with a +0 great mace!!
You block the worldbinder's attack. x2
The ironbound preserver hits you with a +0 great mace!!
* * * LOW HITPOINT WARNING * * *
Blink to where?
Press: ? - help, Dir - move target
As you read the scroll of blinking, it crumbles to dust.
As you read the scroll of fog, it crumbles to dust.
The scroll dissolves into smoke.
As you read the scroll of teleportation, it crumbles to dust.
You feel strangely unstable.
You feel the power of the Abyss delaying your translocation!
A smoke demon comes into view.
The worldbinder barely misses you. The worldbinder hits you.
* * * LOW HITPOINT WARNING * * *
You block the worldbinder's attack.
The worldbinder hits you but does no damage.
You block the worldbinder's attack.
The worldbinder hits you but does no damage.
A wretched star comes into view.
You block the worldbinder's attack.
The worldbinder hits you but does no damage.
Found 2 scrolls of fog.
You feel yourself speed up.
The wretched star glows turbulently.
The lance of force hits you!!
* * * LOW HITPOINT WARNING * * *
You are knocked back by the lance of force.
You slam into the stone wall!
You die...

## . ## . .. ##
.#. ## ## #?.#..
.# ... #..#*#
3##...
#....####...## .
#.#3#.§.# .#
#@x#.§## . ##.
#####§§## .#
...# #.§§# §.. .
.#.
#.###§§§##...p.#
# # ##....#.
#...#.xp#.#. .#
#. #. ## . .. .
##.# # ## ###. .


You could see a wretched star, a worldbinder and a smoke demon.

Vanquished Creatures
  A flayed ghost (Abyss:2)
  A smoke demon (Abyss:2)
  Psyche (D:10)
  A kobold demonologist (D:7)
  A komodo dragon (D:10)
  A troll (D:10)
  A hornet (D:10)
  A wyvern (D:8)
  10 yaks
  A wraith (D:9)
  A neqoxec (Abyss:2)
  A steam dragon (D:9)
  3 water moccasins (D:8)
  A black bear (D:5)
  A sky beast (D:5)
  A necrophage (D:7)
  A hornet zombie (D:8)
  2 ogres
  7 orc warriors
  6 centaurs
  A kobold brigand (D:8)
  A gnoll sergeant (D:9)
  A bullfrog (D:6)
  A water moccasin zombie (D:5)
  A scorpion (D:4)
  7 killer bees
  5 wights (D:9)
  6 electric eels (D:10)
  4 howler monkeys
  4 centaur zombies
  4 crimson imps (D:8)
  A jelly (D:6)
  6 orc priests
  3 hounds
  An iguana (D:7)
  A scorpion zombie (D:5)
  8 orc wizards
  8 mummies (Ossuary)
  2 howler monkey zombies
  Robin (D:3)
  3 gnolls (D:9)
  14 adders
  5 shadow imps
  2 white imps (D:8)
  2 adder skeletons (D:4)
  2 worms
  3 dart slugs
  32 orcs
  6 bats
  9 endoplasms
  5 giant cockroaches
  A gnoll zombie (Ossuary)
  15 goblins
  15 hobgoblins
  9 jackals
  9 kobolds
  2 quokkas
  9 ball pythons
  A frilled lizard (D:2)
  2 hobgoblin zombies (Ossuary)
  2 kobold zombies (Ossuary)
  3 orc zombies (Ossuary)
  3 rats
263 creatures vanquished.

Vanquished Creatures (collateral kills)
  A vampire (D:9)
1 creature vanquished.

Vanquished Creatures (others)
  An ice beast (D:7)
  A goblin (D:4)
2 creatures vanquished.

Grand Total: 266 creatures vanquished

Notes
Turn   | Place    | Note
-------+----------+-------------------------------------------
     0 | D:1      | Ijustatesigmund the Minotaur Berserker began the quest for
                  | the Orb.
     0 | D:1      | Reached XP level 1. HP: 19/19 MP: 0/0
   429 | D:1      | Reached skill level 4 in Axes
   433 | D:1      | Reached XP level 2. HP: 17/27 MP: 1/1
  1148 | D:2      | Reached XP level 3. HP: 33/33 MP: 2/2
  1204 | D:2      | Reached skill level 5 in Axes
  1453 | D:2      | Reached ** piety under Trog
  1485 | D:2      | Reached XP level 4. HP: 41/41 MP: 3/3
  1937 | D:2      | Found Denudisch's General Store.
  2404 | D:3      | Reached skill level 6 in Axes
  2491 | D:3      | Reached XP level 5. HP: 45/47 MP: 4/4
  2491 | D:3      | Found a faded altar of an unknown god.
  2498 | D:3      | Reached skill level 5 in Fighting
  2665 | D:3      | Found a broken altar of Ashenzari.
  2757 | D:3      | Reached *** piety under Trog
  3050 | D:4      | Noticed Robin
  3643 | D:3      | Killed Robin
  3968 | D:4      | Reached skill level 7 in Axes
  3968 | D:4      | Reached XP level 6. HP: 7/56 MP: 5/5
  3969 | D:4      | HP: 3/84 [orc priest/+0 dagger (4)]
  5113 | D:4      | Found a staircase to the Ecumenical Temple.
  5270 | D:4      | Found Giris's Antique Armour Boutique.
  5699 | D:5      | Entered Level 5 of the Dungeon
  5725 | D:5      | Reached skill level 8 in Axes
  5725 | D:5      | Reached skill level 1 in Shields
  5725 | D:5      | Reached XP level 7. HP: 60/63 MP: 6/6
  6059 | D:5      | Found Pykockom's Book Shop.
  7000 | D:6      | Reached **** piety under Trog
  7001 | D:6      | Reached XP level 8. HP: 73/73 MP: 7/7
  7060 | D:6      | Reached skill level 9 in Axes
  7211 | D:6      | Found a shadowy altar of Dithmenos.
  7211 | D:6      | You fall into a shaft and drop 1 floor!
  7603 | D:7      | Found a sand-covered staircase.
  7609 | Ossuary  | Entered an ossuary
  8134 | D:7      | Reached skill level 5 in Shields
  8443 | D:7      | Noticed a kobold demonologist
  8451 | D:7      | Noticed a red devil
  8452 | D:7      | Noticed a smoke demon
  8456 | D:7      | Killed a kobold demonologist
  8457 | D:7      | Reached skill level 10 in Axes
  8459 | D:7      | Reached XP level 9. HP: 65/82 MP: 8/8
  8792 | D:8      | Reached ***** piety under Trog
  9120 | D:8      | Reached skill level 10 in Fighting
  9120 | D:8      | Reached skill level 11 in Axes
  9515 | D:8      | Found a blossoming altar of Fedhas.
  9745 | D:9      | Found a bloodstained altar of Trog.
  9745 | D:9      | Found a hide-covered altar of Uskayaw.
  9745 | D:9      | Found an iron altar of Okawaru.
  9748 | D:9      | Found a burning altar of Makhleb.
  9765 | D:9      | Reached XP level 10. HP: 55/94 MP: 9/9
 10329 | D:9      | Found a staircase to the Lair.
 10484 | D:9      | Found a staircase to the Orcish Mines.
 11346 | D:9      | Found a hazy altar of Hepliaklqana.
 11348 | D:9      | Found a faded altar of an unknown god.
 11395 | D:10     | Entered Level 10 of the Dungeon
 11682 | D:9      | Received a gift from Trog
 11866 | D:10     | Reached skill level 12 in Axes
 12202 | D:10     | Reached skill level 5 in Armour
 12436 | D:10     | Found a transporter.
 12439 | D:10     | Noticed a red ugly thing
 12439 | D:10     | Noticed fly's ghost (journeyman OpIE)
 12486 | D:10     | Found a sacrificial altar of Ru.
 12565 | D:10     | Found a transporter.
 12681 | D:10     | Reached skill level 1 in Evocations
 12725 | D:10     | Noticed Psyche
 13396 | D:10     | Reached skill level 5 in Dodging
 13653 | D:10     | Killed Psyche
 14078 | D:11     | Noticed a deep elf pyromancer
 14078 | D:11     | Noticed a purple ugly thing
 14079 | D:11     | Noticed a wizard
 14080 | D:11     | Noticed a tengu warrior
 14092 | D:11     | Reached XP level 11. HP: 98/103 MP: 10/10
 14096 | D:11     | Cast into level 2 of the Abyss (a wizard)
 14201 | Abyss:2  | Found a bloodstained altar of Trog.
 14217 | Abyss:2  | Noticed a flayed ghost
 14232 | Abyss:2  | Killed a flayed ghost
 14255 | Abyss:2  | Noticed an ironbound preserver
 14263 | Abyss:2  | Noticed a wretched star
 14264 | Abyss:2  | Collided with a stone wall

Illustrated notes

Levels and vault maps discovered:
D:1:      nagdon_arrival_double_spiral, layout_basic
D:2:      layout_basic, serial_shops, shop, minmay_ruptured
D:3:      minmay_evil_eye, layout_basic, cheibrodos_ashenzari_chains,
          ebering_ecumenical_altar_mist, chequers_mini_garden
D:4:      layout_cave_pods, minmay_temple_entry_purple_smoke, serial_shops,
          kennysheep_little_box, uniq_robin
D:5:      black_bear_nest_1, layout_basic, serial_shops, shop
D:6:      layout_cave_pools, overflow_temple_1_default
D:7:      layout_loops_corners, lightli_ossuary_entry_decrepit_ruins
D:8:      layout_cave_pools, lemuel_crystal_altar, serial_column_ruins,
          column_ruins_columns_dead_end, column_ruins_columns_straight,
          column_ruins_open_tiny, column_ruins_columns_corner,
          column_ruins_columns_straight, column_ruins_columns_corner,
          column_ruins_open_tiny, minmay_nine_imps
D:9:      layout_long_grid, beargit_hepliaklqana_dungeon_heroes,
          grunt_temple_overflow_open, dpeg_oklobed_lair, orc_david_3
D:10:     layout_basic, amcnicky_altar_gilded, gammafunk_ghost_arena,
          minivault_14, uniq_psyche
D:11:     layout_loops_ring, portal_ice_cave_entry_pillars_1,
          gauntlet_entry_generic, grunt_tough_drop
Abyss:2:  base:
D:3

Skill      XL: |  1  2  3  4  5  6  7  8  9 10 11 |
---------------+----------------------------------+-----
Axes           | 4 5 6 7 8 10 11 12 | 12.6
Fighting       | 4 5 6 7 8 10 11 | 11.7
Shields        | 1 3 6 8 |  8.7
Armour         | 5 |  5.9
Dodging        | 5 |  5.4
Evocations     | 1 2 |  2.2

Action                   |  1- 3 |  4- 6 |  7- 9 | 10-12 || total
-------------------------+-------+-------+-------+-------++-------
Melee: Hand axe          |    44 |   133 |   284 |   233 ||   694
       Headbutt          |     7 |    27 |    63 |    58 ||   155
Invok: Berserk           |     1 |     2 |     2 |     3 ||     8
       Trog's Hand       |       |       |       |     4 ||     4
       Brothers in Arms  |       |       |       |     1 ||     1
Evoke: Wand              |       |       |       |    13 ||    13
  Use: Scroll            |       |     6 |    10 |     5 ||    21
       Potion            |       |       |       |     1 ||     1
 Stab: Sleeping          |       |     3 |       |       ||     3
Armor: Animal skin       |     5 |    12 |       |       ||    17
       Ring mail         |       |    39 |    19 |       ||    58
       Chain mail        |       |       |   101 |    95 ||   196
Dodge: Dodged            |    32 |    83 |    63 |    66 ||   244
Block: Tower shield      |       |     3 |   219 |   206 ||   428

Table legend: (Time is in decaauts)
 A = Elapsed time spent in this place.
 B = Non-inter-level travel time spent in this place.
 C = Inter-level travel time spent in this place.
 D = Time resting spent in this place.
 E = Time spent auto-exploring this place.
 F = Levels seen in this place.
 G = Mean time per level.
                   A        B        C        D        E       F      G
               +--------+--------+--------+--------+--------+-----+--------+
         Total |  14384 |  14116 |    268 |   3341 |   9096 |  13 | 1106.5 |
       Dungeon |  13911 |  13643 |    268 |   3340 |   8780 |  11 | 1264.6 |
         Abyss |    178 |    178 |      0 |      1 |    105 |   1 |  178.0 |
       Ossuary |    294 |    294 |      0 |      0 |    211 |   1 |  294.0 |
               +--------+--------+--------+--------+--------+-----+--------+

Top non-repeatable levels by time:
    D:10: 2331 daAuts
     D:3: 1981 daAuts
     D:9: 1863 daAuts
     D:4: 1471 daAuts
     D:5: 1273 daAuts
     D:7: 1240 daAuts
     D:2: 1152 daAuts
     D:1: 1128 daAuts
     D:8: 1042 daAuts
 Ossuary: 294 daAuts
     D:6: 260 daAuts
 Abyss:2: 178 daAuts
    D:11: 166 daAuts
